 Dungeon Crawl Stone Soup version 0.23-a0-182-g58cdd98 (webtiles) character file.

267730 galech the Severer (level 20, -2/168 HPs)
             Began as a Demonspawn Fighter on Sept 20, 2018.
             Was the Champion of Okawaru.
             Slain by a deep troll earth mage (14 damage)
             ... on level 5 of the Depths.
             The game lasted 01:12:44 (29545 turns).

galech the Severer (Demonspawn Fighter)            Turns: 29545, Time: 01:12:46

Health: -2/168     AC: 27    Str: 28    XL:     20   Next: 6%
Magic:  0/39       EV: 15    Int: 11    God:    Okawaru [******]
Gold:   1670       SH: 25    Dex: 18    Spells: 19/19 levels left

rFire    + . .     SeeInvis .   i - +8 war axe of Indignation {speed, -Tele rN+ MP+9}
rCold    + . .     Gourm    .   r - +0 large shield of Ciaqamim {-Cast +Blink rN+++ Str+4}
rNeg     + + +     Faith    .   S - +8 scale mail "Geho" {MR- Str+5 Slay+3}
rPois    +         Spirit   +   l - +2 hat of the Bear Spirit {Spirit, +Rage rN+ MR++}
rElec    .         Reflect  +   E - +0 cloak {rPois}
rCorr    .         Harm     .   (gloves unavailable)
MR       ++...     NoTele   +   x - +2 pair of boots {Stlth+} Stlth +++.......NoCast +
                                A - +3 amulet of reflection
HPRegen  0.38/turn              H - ring of protection from cold
MPRegen  0.26/turn              K - ring of magical power

@: no status effects
A: claws 3, yellow scales 2, fire resistance 1, powered by death 3, spiny 3
a: Heroism, Finesse, Renounce Religion, Evoke Blink, Evoke Berserk Rage


You were on level 5 of the Depths.
You worshipped Okawaru.
Okawaru was exalted by your worship.
You were not hungry.

You visited 6 branches of the dungeon, and saw 30 of its levels.
You visited 1 bazaar.
You also visited: Trove, Sewer, Bailey and Ice Cave.

You collected 3500 gold pieces.
You spent 1830 gold pieces at shops.

Inventory:

Hand Weapons
 a - the +12 Vampire's Tooth {vamp}
   (You found it on level 1 of the Depths)

   It inflicts no extra harm, but heals its wielder when it wounds a living foe.
 i - the +8 war axe of Indignation (weapon) {speed, -Tele rN+ MP+9}
   (Okawaru gifted it to you in an ice cave)

   Attacks with this weapon are significantly faster.
   It protects you from negative energy.
   It affects your magic capacity (+9).
   It prevents most forms of teleportation.
 k - a +1 broad axe of flaming
 L - the +7 captain's cutlass {speed, disarm}
   (You found it on level 9 of the Dungeon)

   Attacks with this weapon are significantly faster.
 W - the +9 war axe "Dotani" {protect, Str+2}
   (You found it on level 6 of the Lair of Beasts)

   It protects the one who uses it against injury (+AC on strike).
   It affects your strength (+2).
Armour
 l - the +2 hat of the Bear Spirit (worn) {Spirit, +Rage rN+ MR++}
   (You found it in a treasure trove)

   It protects you from negative energy.
   It affects your resistance to hostile enchantments.
   It lets you go berserk.
 r - the +0 large shield of Ciaqamim (worn) {-Cast +Blink rN+++ Str+4}
   (Okawaru gifted it to you on level 2 of the Depths)

   It affects your strength (+4).
   It renders you almost immune to negative energy.
   It lets you blink.
   It prevents spellcasting.
 x - a +2 pair of boots of stealth (worn)
 E - a +0 cloak of poison resistance (worn)
 J - a +0 pair of boots of flying
 S - the +8 scale mail "Geho" (worn) {MR- Str+5 Slay+3}
   (Okawaru gifted it to you on level 6 of the Lair of Beasts)

   It affects your strength (+5).
   It affects your accuracy and damage with ranged weapons and melee attacks
   (+3).
   It affects your resistance to hostile enchantments.
Jewellery
 A - a +3 amulet of reflection (around neck)
 D - an uncursed ring of protection from magic
 H - a ring of protection from cold (left claw)
 K - a ring of magical power (right claw)
 N - an uncursed ring of fire
 O - an uncursed ring of protection from cold
 R - an uncursed ring of protection from fire
 U - an uncursed amulet of faith
 X - an uncursed ring of resist corrosion
Wands
 p - a wand of random effects (31)
 t - a wand of polymorph (18)
 y - a wand of digging (16)
 B - a wand of flame (34)
Scrolls
 b - 3 scrolls of magic mapping
 g - 10 scrolls of remove curse
 m - 5 scrolls of fear
 o - 11 scrolls of enchant armour
 q - 19 scrolls of teleportation
 s - 2 scrolls of silence
 v - 9 scrolls of enchant weapon
 M - a scroll of identify
 T - 2 scrolls of acquirement
 V - 5 scrolls of fog
 Y - 4 scrolls of amnesia
 Z - 4 scrolls of summoning
Potions
 c - 2 potions of brilliance
 d - 6 potions of might
 e - 17 potions of curing
 h - 4 potions of magic
 j - 3 potions of cancellation
 n - 12 potions of mutation
 z - 4 potions of haste
 C - a potion of flight
 F - 4 potions of berserk rage
 G - 3 potions of resistance
 I - 4 potions of lignification
 P - 5 potions of agility
Comestibles
 f - 61 rations
 u - 9 chunks of flesh


   Skills:
 + Level 17.5 Fighting
 + Level 5.6 Short Blades
 + Level 19.0 Axes
 + Level 11.4 Armour
 + Level 8.7 Dodging
 + Level 4.8 Stealth
 + Level 16.0 Shields
 + Level 1.7 Invocations
 + Level 0.4 Evocations


You had 19 spell levels left.
You didn't know any spells.
Your spell library contained the following spells:

 Spells                   Type           Power        Failure   Level  Hunger
 Animate Skeleton         Necr           N/A          91%         1    ##.....
 Apportation              Tloc           #.....       91%         1    ##.....
 Confusing Touch          Hex            #.....       91%         1    ##.....
 Corona                   Hex            #......      91%         1    ##.....
 Flame Tongue             Conj/Fire      #....        91%         1    ##.....
 Freeze                   Ice            #...         91%         1    ##.....
 Magic Dart               Conj           #...         91%         1    ##.....
 Pain                     Necr           #...         91%         1    ##.....
 Shock                    Conj/Air       #...         91%         1    ##.....
 Sting                    Conj/Pois      #...         91%         1    ##.....
 Summon Butterflies       Summ           #.......     91%         1    ##.....
 Summon Small Mammal      Summ           #...         91%         1    ##.....
 Blink                    Tloc           N/A          97%         2    ###....
 Call Imp                 Summ           #.......     97%         2    ###....
 Ensorcelled Hibernation  Hex/Ice        #.....       97%         2    ###....
 Poisonous Vapours        Pois/Air       #.....       97%         2    ###....
 Slow                     Hex            #.......     97%         2    ###....
 Swiftness                Chrm/Air       #.......     97%         2    ###....
 Throw Flame              Conj/Fire      #.....       97%         2    ###....
 Throw Frost              Conj/Ice       #.....       97%         2    ###....
 Call Canine Familiar     Summ           #.......     99%         3    ####...
 Confuse                  Hex            #.......     99%         3    ####...
 Conjure Flame            Conj/Fire      #.......     99%         3    ####...
 Dazzling Spray           Conj/Hex       #.....       99%         3    ####...
 Inner Flame              Hex/Fire       #.......     99%         3    ####...
 Lesser Beckoning         Tloc           #.........   99%         3    ####...
 Mephitic Cloud           Conj/Pois/Air  #.......     99%         3    ####...
 Ozocubu's Armour         Chrm/Ice       #.......     99%         3    ####...
 Regeneration             Chrm/Necr      #.........   99%         3    ####...
 Static Discharge         Conj/Air       #.......     99%         3    ####...
 Tukima's Dance           Hex            #.......     99%         3    ####...
 Vampiric Draining        Necr           #.........   99%         3    ####...
 Airstrike                Air            #.........   100%        4    #####..
 Animate Dead             Necr           N/A          100%        4    #####..
 Leda's Liquefaction      Hex/Erth       #.........   100%        4    #####..
 Olgreb's Toxic Radiance  Pois           #.......     100%        4    #####..
 Sticky Flame             Conj/Fire      #.......     100%        4    #####..
 Summon Ice Beast         Ice/Summ       #.......     100%        4    #####..
 Throw Icicle             Conj/Ice       #.......     100%        4    #####..
 Alistair's Intoxication  Tmut/Pois      #.......     100%        5    ######.
 Bolt of Magma            Conj/Fire/Erth #.........   100%        5    ######.
 Borgnjor's Vile Clutch   Necr/Erth      #.........   100%        5    ######.
 Fireball                 Conj/Fire      #.........   100%        5    ######.
 Iskenderun's Battlesphe  Conj/Chrm      #.......     100%        5    ######.
 Lightning Bolt           Conj/Air       #.........   100%        5    ######.
 Silence                  Hex/Air        #.........   100%        5    ######.
 Summon Mana Viper        Hex/Summ       #.......     100%        5    ######.
 Venom Bolt               Conj/Pois      #.........   100%        5    ######.
 Darkness                 Hex            #.........   100%        6    #######
 Freezing Cloud           Conj/Ice/Air   #.........   100%        6    #######
 Invisibility             Hex            #.......     100%        6    #######
 Iron Shot                Conj/Erth      #.........   100%        6    #######
 Shadow Creatures         Summ           N/A          100%        6    #######
 Statue Form              Tmut/Erth      #........    100%        6    #######
 Orb of Destruction       Conj           #.........   100%        7    #######
 Ring of Flames           Chrm/Fire      #.........   100%        7    #######
 Spellforged Servitor     Conj/Summ      #.........   100%        7    #######
 Summon Hydra             Summ           #.........   100%        7    #######
 Ignition                 Fire           #.........   100%        8    #######
 Shatter                  Erth           #.........   100%        9    #######
 Tornado                  Air            #.........   100%        9    #######


Dungeon Overview and Level Annotations

Branches:
Dungeon (15/15)            Temple (1/1) D:6            Lair (6/6) D:8
 Shoals (0/4) Lair:3       Spider (0/4) Lair:2        Slime (0/5) Lair:6
    Orc (2/2) D:12            Elf (1/3) Orc:2        Vaults (0/5) D:14
 Depths (5/5) D:15
    Zot: Depths:5

Altars:
Ashenzari
Cheibriados
Dithmenos
Elyvilon
Fedhas
Gozag
Hepliaklqana
Kikubaaqudgha
Makhleb
Nemelex Xobeh
Okawaru
Qazlal
Ru
Sif Muna
Trog
Uskayaw
Vehumet
Wu Jian
Xom
Yredelemnul
Zin
The Shining One
Beogh

Shops:
D:5 }   D:10 (   D:12 [(   D:13 *}   D:14 [   D:15 [?   Orc:1 (   Orc:2 [*?[%
Depths:2 }

Portals:
Hell: Depths:1 Depths:2 Depths:3 Depths:4
Abyss: Depths:2 Depths:4
Pandemonium: Depths:2 Depths:3 Depths:4

Annotations:
Lair:1 exclusion: 4 oklob plants
Depths:2 4 runed doors
Depths:5 Sojobo


Innate Abilities, Weirdness & Mutations

You have claws for hands.
You are mostly covered in yellow scales. (AC +3)
Your flesh is heat resistant. (rF+)
You regenerate a lot of health from kills.
You are completely covered in sharp spines.


Message History

The deep troll earth mage seems to speed up.
You block the deep troll earth mage's attack.
The deep troll earth mage closely misses you.
You block the deep troll earth mage's attack.
You block the deep troll shaman's attack.
The deep troll shaman claws you but does no damage.
You block the deep troll shaman's attack.
There is a stone staircase leading up here.
The deep troll earth mage bites you.
* * * LOW HITPOINT WARNING * * *
You block the deep troll earth mage's attack. x2
You block Sojobo's attack. Sojobo pecks you but does no damage.
You block Sojobo's attack.
The deep troll shaman calls upon its god to strengthen the deep troll earth The deep troll earth mage seems to grow stronger.
The deep troll earth mage bites you!
* * * LOW HITPOINT WARNING * * *
The deep troll earth mage closely misses you.
The deep troll earth mage claws you!
You die...

.?.........#..
...≈≈.........
....≈.......#
...≈.......## .
##.≈........#
...##...........#
........#[*T....#
.........TQT@...#
......#.†..Q...##
.....##.#..T####
.......[...######
................##
##....(.........(##
#.......†.......§.##
.....$#...#...#?§..#
.....##.#)#!#.##...#


You could see Sojobo, a tengu reaver, a deep troll, 2 deep troll earth magi, a
deep troll shaman and a battlesphere.

Vanquished Creatures
  An ancient lich (Depths:4)
  Frederick (Depths:4)
  The ghost of Efomm the Warrior, an adept DrEE of Cheibriados (Depths:4)
  A caustic shrike (Depths:4)
  Saint Roka (Depths:4)
  Nikola (Depths:3)
  2 golden dragons
  3 tentacled monstrosities
  5 liches
  3 sphinxes
  A storm dragon (Depths:4)
  A shadow dragon (Depths:2)
  3 tengu reavers
  7 frost giants
  9 fire giants
  3 spriggan defenders (Depths:4)
  23 stone giants
  13 very ugly things
  9 vampire knights
  Nessos (D:11)
  A dire elephant (Lair:6)
  3 spark wasps
  5 ettins
  A blizzard demon (Depths:2)
  Snorg (D:13)
  5 fire dragons
  A deep elf high priest (Depths:3)
  4 yaktaur captains
  5 great orbs of eyes
  4 hydras
  9 ice dragons
  2 rakshasas
  2 catoblepae
  5 spriggan air magi
  Erica (Lair:1)
  6 centaur warriors
  10 ogre magi
  29 two-headed ogres
  8 deep troll shamans
  3 death yaks (Lair:6)
  8 deep troll earth magi
  3 vampire magi
  7 tengu warriors
  A titan zombie (Depths:1)
  3 spriggan berserkers (Depths:4)
  2 deep elf knights (Elf:1)
  2 iron trolls
  6 skeletal warriors (D:14)
  20 hell knights
  A salamander mystic (Depths:3)
  2 unseen horrors
  A wizard (Depths:2)
  6 glowing orange brains
  A lindwurm (shapeshifter) (Depths:4)
  4 orc knights
  25 deep trolls
  Pikel (D:7)
  2 phantasmal warriors (Depths:4)
  10 necromancers
  A wolf spider zombie (D:14)
  29 ugly things
  An oklob plant (Lair:4)
  A deep elf mage (D:13)
  2 cyclopes
  A manticore (shapeshifter) (Depths:1)
  2 orb spiders (Depths:5)
  3 orc sorcerers (Orc:2)
  A manticore (D:12)
  14 elephants
  A stone giant zombie (Depths:1)
  6 salamanders (Depths:3)
  A rust devil (Depths:2)
  6 black mambas
  An ice statue (IceCv)
  Joseph (D:8)
  A guardian serpent (D:14)
  A spriggan zombie (Depths:1)
  2 gargoyles
  A torpor snail (Lair:6)
  8 spiny frogs
  An efreet (D:15)
  2 komodo dragons
  10 yaktaurs
  11 freezing wraiths
  A hellwing (Depths:2)
  A harpy zombie (D:15)
  A queen bee (Lair:2)
  9 trolls
  6 polar bears
  2 red devils (Depths:2)
  4 hornets
  9 hippogriffs
  8 blink frogs
  A harpy skeleton (D:15)
  A hippogriff (shapeshifter) (Depths:4)
  6 slime creatures
  2 redbacks
  A shadow (D:11)
  2 vampires
  2 wraiths (D:14)
  49 yaks
  3 spriggans (Depths:4)
  4 basilisks
  2 wyverns
  2 fire bats (Depths:3)
  A human (D:8)
  Grum (D:8)
  8 vampire mosquitoes
  2 hungry ghosts
  Menkaure (D:7)
  A death yak simulacrum (IceCv)
  7 wargs
  Duvessa (D:7)
  2 acid dragons
  A floating eye (Depths:2)
  3 sky beasts
  9 water moccasins
  21 orc warriors
  12 porcupines
  A fire dragon simulacrum (Depths:1)
  5 phantoms
  9 ice beasts
  4 black bears
  45 ogres
  23 wolves
  17 centaurs
  A boggart (D:14)
  3 necrophages
  7 big kobolds
  14 crocodiles
  15 bullfrogs
  Dowan (D:7)
  4 earth elementals (Depths:5)
  A wyvern skeleton (D:14)
  3 scorpions
  A swamp dragon simulacrum (IceCv)
  32 killer bees
  3 wights (D:8)
  2 howler monkeys (D:8)
  4 centaur zombies
  6 crimson imps
  2 bullfrog zombies
  2 jellies
  2 quasits (D:9)
  5 draconian simulacra (IceCv)
  4 hounds
  25 orc wizards
  16 orc priests
  2 bullfrog skeletons
  A gnoll shaman (D:8)
  Crazy Yiuf (D:2)
  6 centaur skeletons
  3 iguanas
  Jessica (D:2)
  Natasha (thrice) (D:2)
  Terence (D:2)
  6 troll simulacra (IceCv)
  12 worker ants
  2 polar bear simulacra (IceCv)
  2 spriggan simulacra (IceCv)
  2 centaur simulacra (IceCv)
  2 hound skeletons
  A howler monkey zombie (D:8)
  33 gnolls
  A howler monkey skeleton (D:6)
  3 ogre simulacra (IceCv)
  26 adders
  2 naga simulacra (IceCv)
  3 river rats
  3 shadow imps
  12 white imps (IceCv)
  6 oozes (Sewer)
  An adder skeleton (D:5)
  3 adder zombies
  9 worms
  A dart slug (D:3)
  5 leopard geckos
  92 orcs
  4 giant cockroaches
  10 goblins
  13 hobgoblins
  3 jackals (D:3)
  34 kobolds
  3 quokkas
  5 ball pythons
  9 bats
  6 frilled lizards
  A jackal skeleton (D:8)
  A leopard gecko skeleton (D:6)
  16 rats
  A fungus (Lair:6)
  16 plants
1217 creatures vanquished.

Vanquished Creatures (others)
  2 fire giants (Depths:4)
  A spark wasp (Depths:5)
  2 yaktaur captains
  A necromancer (Depths:1)
  An ugly thing (Depths:3)
  A yaktaur (Depths:3)
  A tengu conjurer (Depths:3)
  A blink frog (shapeshifter) (Depths:2)
  3 bushes (D:8)
  5 fungi (D:8)
  13 plants
31 creatures vanquished.

Grand Total: 1248 creatures vanquished

Notes
Turn   | Place    | Note
-------+----------+-------------------------------------------
     0 | D:1      | galech the Demonspawn Fighter began the quest for the Orb.
     0 | D:1      | Reached XP level 1. HP: 18/18 MP: 1/1
    97 | D:1      | Gained mutation: You are partially covered in yellow
                  | scales. (AC +2) [demonic ancestry]
    97 | D:1      | Reached XP level 2. HP: 10/24 MP: 2/2
   782 | D:2      | Reached skill level 2 in Axes
   979 | D:2      | Gained mutation: You regenerate a little health from kills.
                  | [demonic ancestry]
   979 | D:2      | Reached XP level 3. HP: 29/29 MP: 3/3
  1142 | D:2      | Noticed Terence
  1152 | D:2      | Killed Terence
  1152 | D:2      | Reached skill level 1 in Dodging
  1152 | D:2      | Reached XP level 4. HP: 34/35 MP: 4/4
  1403 | D:2      | Reached skill level 3 in Axes
  1576 | D:2      | Found an ancient bone altar of Kikubaaqudgha.
  1582 | D:2      | Gained mutation: You are partially covered in sharp spines.
                  | [demonic ancestry]
  1582 | D:2      | Reached XP level 5. HP: 39/41 MP: 5/5
  1673 | D:2      | Noticed Jessica
  1675 | D:2      | Killed Jessica
  1707 | D:2      | Noticed Natasha
  1717 | D:2      | Killed Natasha
  1979 | D:2      | Found a runed door.
  2011 | D:2      | Noticed Natasha
  2017 | D:2      | Killed Natasha
  2353 | D:2      | Noticed Crazy Yiuf
  2357 | D:2      | Killed Crazy Yiuf
  2425 | D:2      | Noticed Natasha
  2434 | D:2      | Killed Natasha
  2434 | D:2      | Reached XP level 6. HP: 27/48 MP: 6/6
  2669 | D:3      | Reached skill level 4 in Axes
  2757 | D:3      | Found a glowing drain.
  2797 | Sewer    | Entered a sewer
  3347 | Sewer    | Gained mutation: You have sharp fingernails. [demonic
                  | ancestry]
  3347 | Sewer    | Reached XP level 7. HP: 50/54 MP: 7/7
  3726 | D:3      | Found a deep blue altar of Sif Muna.
  4111 | D:4      | Reached skill level 5 in Axes
  4383 | D:4      | Reached skill level 1 in Stealth
  4953 | D:5      | Entered Level 5 of the Dungeon
  4953 | D:5      | Found a hide-covered altar of Uskayaw.
  4953 | D:5      | Noticed a hand axe
  4954 | D:5      | Noticed a dagger
  4958 | D:5      | Gained mutation: You regenerate health from kills. [demonic
                  | ancestry]
  4958 | D:5      | Reached XP level 8. HP: 61/61 MP: 8/8
  5053 | D:5      | Reached skill level 6 in Axes
  5070 | D:5      | Found a glowing golden altar of the Shining One.
  5074 | D:5      | Found a burning altar of Makhleb.
  5076 | D:5      | Found a glowing silver altar of Zin.
  5130 | D:5      | Found Kuiph's Gadget Shop.
  5259 | D:5      | Reached skill level 5 in Shields
  5262 | D:5      | Reached skill level 5 in Fighting
  5604 | D:6      | Found a white marble altar of Elyvilon.
  5604 | D:6      | Found a snail-covered altar of Cheibriados.
  5604 | D:6      | Found a bloodstained altar of Trog.
  5605 | D:6      | Found a radiant altar of Vehumet.
  5725 | D:6      | Reached skill level 7 in Axes
  5758 | D:6      | Found a sacrificial altar of Ru.
  5887 | D:6      | Reached XP level 9. HP: 36/68 MP: 9/9
  6183 | D:6      | Found a shimmering altar of Xom.
  6185 | D:6      | Found a glowing golden altar of the Shining One.
  6185 | D:6      | Found an opulent altar of Gozag.
  6187 | D:6      | Found an ornate altar of the Wu Jian Council.
  6187 | D:6      | Found a white marble altar of Elyvilon.
  6187 | D:6      | Found an ancient bone altar of Kikubaaqudgha.
  6440 | D:6      | Found a staircase to the Ecumenical Temple.
  6448 | Temple   | Entered the Ecumenical Temple
  6605 | Temple   | Became a worshipper of Warmaster Okawaru
  6730 | D:7      | Noticed Pikel
  6754 | D:7      | Killed Pikel
  6754 | D:7      | Reached skill level 8 in Axes
  6754 | D:7      | Reached skill level 5 in Armour
  6897 | D:7      | Got a tattered robe
  6908 | D:7      | Identified the cursed +0 robe of Atuacsia {Dex+5} (You
                  | found it on level 7 of the Dungeon)
  7385 | D:7      | Noticed Duvessa
  7385 | D:7      | Noticed Dowan
  7398 | D:7      | Killed Duvessa
  7401 | D:7      | Killed Dowan
  7509 | D:7      | Noticed Menkaure
  7517 | D:7      | Killed Menkaure
  7965 | D:8      | Reached * piety under Okawaru
  8049 | D:8      | Reached skill level 9 in Axes
  8064 | D:8      | Reached XP level 10. HP: 60/76 MP: 10/10
  8122 | D:8      | Noticed Grum
  8164 | D:8      | Killed Grum
  8164 | D:8      | Reached ** piety under Okawaru
  8290 | D:8      | Noticed Joseph
  8329 | D:8      | Killed Joseph
  8573 | D:8      | Reached *** piety under Okawaru
  8582 | D:8      | Reached skill level 10 in Axes
  8593 | D:8      | Found a staircase to the Lair.
  9173 | D:9      | Reached **** piety under Okawaru
  9233 | D:9      | Gained mutation: You regenerate a lot of health from kills.
                  | [demonic ancestry]
  9233 | D:9      | Reached XP level 11. HP: 84/84 MP: 11/11
  9301 | D:9      | Noticed a white ugly thing
  9315 | D:9      | Killed a white ugly thing
  9339 | D:9      | Found the +7 captain's cutlass {speed, disarm}
  9350 | D:9      | Got a fine scimitar
  9352 | D:9      | Identified the cursed +3 scimitar "Kogakoli" {flame, rC+}
                  | (You found it on level 9 of the Dungeon)
  9578 | D:9      | Reached skill level 1 in Short Blades
  9632 | D:9      | Got a spiked plate armour
  9643 | D:9      | Identified the cursed +0 plate armour "Jaceumek" {+Blink
                  | rF+ rC+ Regen+} (You found it on level 9 of the Dungeon)
 10016 | D:10     | Entered Level 10 of the Dungeon
 10016 | D:10     | Found Urushum's Weapon Boutique.
 10331 | D:10     | Reached ***** piety under Okawaru
 10754 | Lair:1   | Entered Level 1 of the Lair of Beasts
 10855 | Lair:1   | Noticed Erica
 10867 | Lair:1   | Killed Erica
 10969 | Lair:1   | Noticed an oklob plant
 10975 | Lair:1   | Noticed an oklob plant
 10975 | Lair:1   | Noticed an oklob plant
 10975 | Lair:1   | Noticed an oklob plant
 11896 | Lair:2   | Found a frozen archway.
 11905 | IceCv    | Entered an ice cave
 11957 | IceCv    | Reached skill level 5 in Short Blades
 12062 | IceCv    | Received a gift from Okawaru
 12334 | IceCv    | Received a gift from Okawaru
 12334 | IceCv    | Gained mutation: You have very sharp fingernails. [demonic
                  | ancestry]
 12334 | IceCv    | Reached XP level 12. HP: 56/94 MP: 12/12
 12337 | IceCv    | Got an iridescent war axe {god gift}
 12338 | IceCv    | Identified the +8 war axe of Indignation {speed, -Tele rN+
                  | MP+9} (Okawaru gifted it to you in an ice cave)
 12416 | IceCv    | Found an ancient bone altar of Kikubaaqudgha.
 12603 | IceCv    | Reached skill level 11 in Axes
 12976 | Lair:2   | Received a gift from Okawaru
 13135 | Lair:2   | Found a hole to the Spider Nest.
 13521 | Lair:3   | Found a staircase to the Shoals.
 13829 | Lair:3   | Reached skill level 12 in Axes
 14045 | Lair:3   | Received a gift from Okawaru
 14548 | Lair:4   | Noticed a catoblepas
 14566 | Lair:4   | Killed a catoblepas
 14884 | Lair:5   | Gained mutation: You are mostly covered in sharp spines.
                  | [demonic ancestry]
 14884 | Lair:5   | Reached XP level 13. HP: 103/103 MP: 13/13
 14912 | Lair:5   | Reached skill level 10 in Fighting
 15020 | Lair:5   | Reached ****** piety under Okawaru
 15140 | Lair:5   | Received a gift from Okawaru
 15275 | Lair:5   | Reached skill level 13 in Axes
 15813 | Lair:6   | Entered Level 6 of the Lair of Beasts
 15918 | Lair:6   | Found a staircase to the Slime Pits.
 16237 | Lair:6   | Reached skill level 10 in Shields
 16267 | Lair:6   | Received a gift from Okawaru
 16276 | Lair:6   | Got an emerald-encrusted scale mail {god gift}
 16288 | Lair:6   | Identified the +8 scale mail "Geho" {MR- Str+5 Slay+3}
                  | (Okawaru gifted it to you on level 6 of the Lair of Beasts)
 16295 | Lair:6   | Noticed a dire elephant
 16310 | Lair:6   | Killed a dire elephant
 16314 | Lair:6   | Reached skill level 1 in Invocations
 16419 | Lair:6   | Identified the Compendium of the Torrid Escort
 16424 | Lair:6   | Got a crystal war axe
 16438 | Lair:6   | Identified the +9 war axe "Dotani" {protect, Str+2} (You
                  | found it on level 6 of the Lair of Beasts)
 17407 | D:11     | Reached skill level 14 in Axes
 17588 | D:11     | Gained mutation: You are completely covered in sharp
                  | spines. [demonic ancestry]
 17588 | D:11     | Reached XP level 14. HP: 113/113 MP: 14/14
 17870 | D:12     | Noticed Nessos
 17872 | D:12     | Found a flickering gateway to a bazaar.
 17907 | D:11     | Killed Nessos
 17941 | Bazaar   | Entered a bazaar
 17941 | Bazaar   | Found Tydi's Assorted Antiques.
 17941 | Bazaar   | Found Cuag's Magic Scroll Shop.
 17956 | Bazaar   | Found Isax's Magic Scroll Shoppe.
 17971 | Bazaar   | Found Conkefra's Weapon Shop.
 17979 | Bazaar   | Found Gidghe's Magic Scroll Emporium.
 17987 | Bazaar   | Bought 3 scrolls of enchant armour for 382 gold pieces
 17987 | Bazaar   | Bought a scroll of enchant armour for 127 gold pieces
 18040 | Bazaar   | Bought a scroll of identify for 20 gold pieces
 18040 | Bazaar   | Bought 2 scrolls of identify for 40 gold pieces
 18040 | Bazaar   | Bought a scroll of acquirement for 520 gold pieces
 18096 | D:12     | Found Posuif's Armour Emporium.
 18096 | D:12     | Found a staircase to the Orcish Mines.
 18098 | D:12     | Found Kegearaemp's Weapon Emporium.
 18138 | Orc:1    | Entered Level 1 of the Orcish Mines
 18178 | Orc:1    | Received a gift from Okawaru
 18245 | Orc:1    | Found Teec's Weapon Boutique.
 18721 | Orc:2    | Entered Level 2 of the Orcish Mines
 18721 | Orc:2    | Found Liel's Food Boutique.
 18730 | Orc:2    | Paralysed by an orc sorcerer for 4 turns
 18811 | Orc:2    | Found a staircase to the Elven Halls.
 18980 | Orc:2    | Found a roughly hewn altar of Beogh.
 19034 | Orc:2    | Found a roughly hewn altar of Beogh.
 19427 | Orc:2    | Received a gift from Okawaru
 19435 | Orc:2    | Received a gift from Okawaru
 19465 | Orc:2    | Reached skill level 15 in Axes
 19505 | Orc:2    | Found Guyr's Assorted Antiques.
 19505 | Orc:2    | Found Qaopamab's Antique Armour Shop.
 19551 | Orc:2    | Found Wudaof's Armour Boutique.
 19551 | Orc:2    | Found Foguen's Magic Scroll Emporium.
 19560 | Orc:2    | Bought a scroll of teleportation for 39 gold pieces
 19560 | Orc:2    | Bought a scroll of identify for 26 gold pieces
 19560 | Orc:2    | Bought a scroll of identify for 26 gold pieces
 19560 | Orc:2    | Bought a scroll of blinking for 97 gold pieces
 19560 | Orc:2    | Bought a scroll of identify for 26 gold pieces
 19705 | Elf:1    | Entered Level 1 of the Elven Halls
 20687 | D:13     | Received a gift from Okawaru
 20692 | D:13     | Got a distressingly furry robe {god gift}
 20703 | D:13     | Identified the +0 robe "Otoritt" {+Blink rPois rF- Str+3}
                  | (Okawaru gifted it to you on level 13 of the Dungeon)
 20753 | D:13     | Noticed Snorg
 20760 | D:13     | Killed Snorg
 20804 | D:13     | Found a sparkling altar of Nemelex Xobeh.
 20906 | D:13     | Reached XP level 15. HP: 121/121 MP: 15/15
 21296 | D:13     | Found a portal to a secret trove of treasure.
 21430 | D:13     | Found Icsirch's Gadget Shop.
 21441 | D:13     | Found Geneczocs's General Store.
 21446 | D:13     | Bought a scroll of enchant armour for 120 gold pieces
 21647 | D:14     | Found a flagged portal.
 21681 | Bailey   | Entered a bailey
 22265 | D:14     | Received a gift from Okawaru
 22282 | D:14     | Reached skill level 5 in Dodging
 22471 | D:14     | Found a gate to the Vaults.
 22569 | D:14     | Found Efynac Guwu's Antique Armour Boutique.
 22672 | D:15     | Entered Level 15 of the Dungeon
 22672 | D:15     | Found Weudaci's Antique Armour Shoppe.
 22719 | D:15     | Reached skill level 16 in Axes
 22737 | D:15     | Found an ornate altar of the Wu Jian Council.
 22801 | D:15     | Received a gift from Okawaru
 22963 | D:15     | Found a staircase to the Depths.
 23173 | D:15     | Found Urebb's Magic Scroll Shop.
 23184 | D:15     | Bought a scroll of identify for 34 gold pieces
 23184 | D:15     | Bought a scroll of identify for 34 gold pieces
 23184 | D:15     | Bought a scroll of silence for 127 gold pieces
 23184 | D:15     | Bought a scroll of teleportation for 51 gold pieces
 23184 | D:15     | Bought a scroll of blinking for 127 gold pieces
 23184 | D:15     | Bought a scroll of identify for 34 gold pieces
 23401 | D:13     | You paid a toll of 6 scrolls of blinking to enter a
                  | treasure trove
 23402 | Trove    | Entered a treasure trove
 23405 | Trove    | Found the +2 hat of the Bear Spirit {Spirit, +Rage rN+
                  | MR++}
 23418 | Trove    | Got a warped plate armour
 23484 | Trove    | Identified the +8 plate armour of Divine Intervention {rF+
                  | rN+ Dex+3} (You found it in a treasure trove)
 23503 | Trove    | Got a warped crystal plate armour
 23514 | Trove    | Identified the +1 crystal plate armour of Birdsong {+Inv
                  | rPois rF+} (You found it in a treasure trove)
 23629 | Trove    | Got a faintly humming chain mail
 23631 | Trove    | Got a slimy scale mail
 23657 | Trove    | Identified the +1 chain mail of Snakes and Ladders {rElec
                  | rC+ MR+ Str-4} (You found it in a treasure trove)
 23675 | Trove    | Identified the cursed +1 scale mail of Surprise {MP+9} (You
                  | found it in a treasure trove)
 23799 | Depths:1 | Entered Level 1 of the Depths
 23830 | D:15     | HP: 4/123 [hell knight/bolt of fire (8)]
 23989 | Depths:1 | Received a gift from Okawaru
 23998 | Depths:1 | Gained mutation: You are mostly covered in yellow scales.
                  | (AC +3) [demonic ancestry]
 23998 | Depths:1 | Reached XP level 16. HP: 79/131 MP: 16/16
 24060 | Depths:1 | Noticed a lich
 24079 | Depths:1 | Killed a lich
 24089 | Depths:1 | Noticed a tengu reaver
 24100 | Depths:1 | Received a gift from Okawaru
 24114 | Depths:1 | Killed a tengu reaver
 24564 | Depths:1 | Reached skill level 10 in Armour
 25031 | Depths:1 | Found the +12 Vampire's Tooth {vamp}
 25236 | Depths:1 | Found a gateway to Hell.
 25474 | Depths:2 | Received a gift from Okawaru
 25508 | Depths:2 | Got a brightly glowing scale mail {god gift}
 25519 | Depths:2 | Identified the +1 scale mail of Tender Moments {*Contam
                  | +Inv Str-5 Stlth+} (Okawaru gifted it to you on level 2 of
                  | the Depths)
 25622 | Depths:2 | Reached skill level 17 in Axes
 25679 | Depths:2 | Gained mutation: You have claws for hands. [demonic
                  | ancestry]
 25679 | Depths:2 | Reached XP level 17. HP: 140/140 MP: 17/17
 25720 | Depths:2 | Received a gift from Okawaru
 25732 | Depths:2 | Got a faintly glowing large shield {god gift}
 25745 | Depths:2 | Identified the +0 large shield of Ciaqamim {-Cast +Blink
                  | rN+++ Str+4} (Okawaru gifted it to you on level 2 of the
                  | Depths)
 25766 | Depths:2 | Found a large runed door.
 25770 | Depths:2 | Found a large runed door.
 25990 | Depths:2 | Noticed a lich
 26000 | Depths:2 | Killed a lich
 26090 | Depths:2 | Found Poxt's Gadget Shop.
 26091 | Depths:2 | Found a one-way gate to the infinite horrors of the Abyss.
 26133 | Depths:2 | Reached skill level 15 in Fighting
 26135 | Depths:2 | Noticed a tentacled monstrosity
 26153 | Depths:2 | Killed a tentacled monstrosity
 26190 | Depths:2 | Found a large runed door.
 26193 | Depths:2 | Noticed a golden dragon
 26194 | Depths:2 | Found a large runed door.
 26352 | Depths:2 | Found a large runed door.
 26356 | Depths:2 | Found a large runed door.
 26459 | Depths:2 | Found a large runed door.
 26463 | Depths:2 | Found a large runed door.
 26508 | Depths:2 | Killed a golden dragon
 26508 | Depths:2 | Received a gift from Okawaru
 26759 | Depths:2 | Found a one-way gate leading to the halls of Pandemonium.
 26971 | Depths:3 | Gained mutation: Your flesh is heat resistant. (rF+)
                  | [demonic ancestry]
 26971 | Depths:3 | Reached XP level 18. HP: 95/149 MP: 13/19
 27027 | Depths:3 | Received a gift from Okawaru
 27185 | Depths:3 | Reached skill level 18 in Axes
 27190 | Depths:3 | Noticed a tentacled monstrosity
 27201 | Depths:3 | Killed a tentacled monstrosity
 27309 | Depths:3 | Received a gift from Okawaru
 27316 | Depths:3 | Got an aquamarine-encrusted chain mail {god gift}
 27327 | Depths:3 | Identified the +4 chain mail of Eternal Night {rF+ Dex+3}
                  | (Okawaru gifted it to you on level 3 of the Depths)
 27478 | Depths:3 | Noticed Nikola
 27507 | Depths:3 | Killed Nikola
 27997 | Depths:4 | Noticed a tentacled monstrosity
 28007 | Depths:4 | Killed a tentacled monstrosity
 28126 | Depths:4 | Paralysed by a vampire knight for 2 turns
 28202 | Depths:4 | Noticed a lich
 28218 | Depths:4 | Killed a lich
 28222 | Depths:4 | Reached XP level 19. HP: 109/159 MP: 11/20
 28246 | Depths:4 | Received a gift from Okawaru
 28246 | Depths:4 | Reached skill level 15 in Shields
 28350 | Depths:4 | Noticed Frederick
 28372 | Depths:4 | Killed Frederick
 28411 | Depths:4 | Noticed an ancient lich
 28428 | Depths:4 | Killed an ancient lich
 28428 | Depths:4 | Received a gift from Okawaru
 28464 | Depths:4 | Identified the Catalogue of Stolen Souls and Curses
 28547 | Depths:4 | Found a runed door.
 28550 | Depths:4 | Noticed Efomm's ghost (adept DrEE)
 28603 | Depths:4 | Killed Efomm's ghost
 28797 | Depths:4 | Noticed a caustic shrike
 28875 | Depths:4 | Noticed a golden dragon
 28898 | Depths:4 | Killed a golden dragon
 28988 | Depths:4 | Killed a caustic shrike
 29063 | Depths:4 | Received a gift from Okawaru
 29076 | Depths:4 | Noticed Saint Roka
 29111 | Depths:4 | Killed Saint Roka
 29192 | Depths:4 | Noticed a lich
 29205 | Depths:4 | Killed a lich
 29365 | Depths:5 | Entered Level 5 of the Depths
 29403 | Depths:5 | Found the +27 Lear's hauberk
 29428 | Depths:5 | Reached skill level 19 in Axes
 29506 | Depths:5 | Reached XP level 20. HP: 92/168 MP: 20/21
 29510 | Depths:5 | Noticed Sojobo
 29545 | Depths:5 | Slain by a deep troll earth mage

Vault maps used:
D:1:      dpeg_arrival_refuge
D:2:      lemuel_crystal_altar, uniq_natasha, uniq_terence, uniq_jessica,
          uniq_crazy_yiuf_cottage
D:3:      lemuel_doored_altar, lightli_sewer_entry_pipes
D:4:      corexii_shack_village
D:5:      dancing_weapons_uskayaw, grunt_temple_overflow_open, serial_shops,
          nicolae_shop_stone, first_ration, grunt_ministairs_1
D:6:      doesnt_xom_only_xom, chequers_temple_overflow_statue_of_worship,
          hangedman_ru_absence, minmay_temple_entry_glassed_door
D:7:      uniq_menkaure, uniq_pikel, uniq_duvessa
D:8:      minmay_lair_entry_grove, grunt_pizzeria, uniq_joseph, uniq_grum
D:9:      minmay_the_grid_octo_triangle
D:10:     serial_shops, shop
D:11:     kennysheep_small_spiral
D:12:     orc_david_3, serial_shops, bzr_entry_customers, uniq_nessos
D:13:     enter_trove_3, serial_shops, shop, shop,
          nemelex_xobeh_ov_fountains_minmay, uniq_snorg
D:14:     hangedman_vaults_entry_quadrant_bands, enter_bailey_3, serial_shops,
          shop, minmay_misc_feat_square, nrook_guardian_serpent_ordinary
D:15:     hangedman_depths_entry_civil_slaughter, serial_shops, shop_coins,
          nicolae_shop_trees, basic_altar, palyth_stone_intersect
Temple:   dpeg_chambers_temple
Lair:1:   wad_woods_river_04, grunt_megastairs_4, minmay_lair_oklob_chamber,
          uniq_erica
Lair:2:   spider_nest_entry_rubble, portal_ice_cave_entry_pillars_1,
          special_room
Lair:3:   minmay_shoals_entry_centaurs, lemuel_fruit_tree
Lair:5:   lemuel_fruit_fields
Lair:6:   grunt_lair_end_beastmaster, slime_dummy, serial_bayou_pond_e
Orc:1:    serial_shops, nicolae_shop_stone, nicolae_orc_bridge_out
Orc:2:    st_orc_ogre_mass, basic_altar, serial_shops, shop, mines1_david
Elf:1:    serial_shops, shop_coins, hangedman_corner_corridor
Depths:1: grunt_hell_entry_dis_old, corexii_leaking_fountain,
          minmay_guarded_unrand_vampires_tooth, grunt_megastairs_2
Depths:2: minmay_five_octagons, serial_shops, shop, hell_entry,
          rand_demon_pan_entry_9, abyss_entry_crystal
Depths:3: minmay_mutant_horseshoe, pan_entry, hell_entry, uniq_nikola
Depths:4: evilmike_marble_ring, hangedman_abyss_or_decor_lesser_grid,
          hell_entry, pan_entry, hangedman_abyss_entry_splay,
          gammafunk_ghost_grave, minmay_librarian, infiniplex_staircase_x,
          serial_bayou_shore_b, uniq_frederick, uniq_saint_roka
Depths:5: grunt_zot_entry_alcove, enter_ziggurat_e, glass_columns_b, pan_entry,
          hell_entry, hangedman_stitches_earthworm, kennysheep_random_hallway,
          uniq_sojobo
Bazaar:   bazaar_kb_twisted_cavern
Trove:    trove_armour_1
Sewer:    sewer_co_tree
Bailey:   bailey_axe_2, bailey
IceCv:    ice_cave_small_necro

Skill      XL: |  1  2  3  4  5  6  7  8  9 10 11 12 13 14 15 16 17 18 19 20 |
---------------+-------------------------------------------------------------+-----
Shields        | 3 4 5 6 7 9 10 11 12 13 14 15 16 | 16.0
Axes           | 2 3 4 5 7 9 10 12 14 15 16 17 18 19 | 19.0
Armour         | 3 4 5 6 7 8 9 10 11 | 11.4
Dodging        | 1 2 3 4 5 6 7 8 |  8.7
Fighting       | 4 5 6 7 8 9 11 12 13 14 15 16 17 | 17.5
Stealth        | 1 2 3 4 |  4.8
Short Blades   | 5 |  5.6
Invocations    | 1 |  1.7
Evocations     | |  0.4

Action                   |  1- 3 |  4- 6 |  7- 9 | 10-12 | 13-15 | 16-18 | 19-21 || total
-------------------------+-------+-------+-------+-------+-------+-------+-------++-------
Melee: War axe           |    76 |   241 |   406 |   620 |  1118 |  1031 |   486 ||  3978
       Cutlass           |       |       |       |   572 |       |       |       ||   572
       Hand axe          |       |       |       |    23 |       |       |       ||    23
       Scimitar          |       |       |       |     3 |       |       |       ||     3
       Broad axe         |       |       |       |       |    31 |       |       ||    31
Invok: Heroism           |       |       |       |     4 |     3 |     3 |     1 ||    11
 Abil: Evoke Berserk Rag |       |       |       |       |     1 |       |       ||     1
Evoke: Wand              |       |       |       |       |       |     2 |       ||     2
  Use: Scroll            |       |       |     9 |     7 |    21 |       |     2 ||    39
       Potion            |       |       |       |       |     4 |     2 |     4 ||    10
 Stab: Petrified         |       |       |       |       |     7 |       |       ||     7
       Petrifying        |       |       |       |       |     1 |       |       ||     1
       Sleeping          |       |       |       |       |    10 |     2 |       ||    12
       Distracted        |       |       |       |       |     1 |       |       ||     1
       Confused          |       |       |       |       |       |     7 |       ||     7
  Eat: Chunk             |     1 |     8 |    17 |    16 |    30 |    13 |     4 ||    89
       Ration            |       |       |       |     2 |       |     1 |       ||     3
Armor: Scale mail        |    40 |    75 |   149 |    90 |   280 |   250 |    94 ||   978
       Plate armour      |       |       |       |   289 |   132 |       |       ||   421
Dodge: Dodged            |    34 |    72 |   107 |   209 |   281 |   215 |    84 ||  1002
Block: Shield            |    40 |   111 |   281 |   701 |   485 |       |       ||  1618
       Reflection        |       |       |     2 |    10 |       |    28 |    20 ||    60
       Large shield      |       |       |       |       |   109 |   832 |   313 ||  1254

Table legend:
 A = Non-vault XP
 B = Vault XP
 C = Vault XP percentage of total XP
 D = Non-vault monster count
 E = Vault monster count
 F = Vault count percentage of total count
                 A         B        C        D         E       F
            +---------+---------+-------+---------+---------+-------
      Total |  301210 |  180615 |  37.5 |     799 |     411 |  34.0
            +---------+---------+-------+---------+---------+-------
        D:1 |      21 |       0 |   0.0 |      13 |       0 |   0.0
        D:2 |     242 |     148 |  37.9 |      35 |       4 |  10.3
        D:3 |      93 |      98 |  51.3 |      22 |      13 |  37.1
        D:4 |     327 |      19 |   5.5 |      11 |       8 |  42.1
        D:5 |     792 |     151 |  16.0 |      26 |       2 |   7.1
        D:6 |     958 |       0 |   0.0 |      24 |       0 |   0.0
        D:7 |     343 |    1163 |  77.2 |       7 |       5 |  41.7
        D:8 |    2314 |    3216 |  58.2 |      36 |      19 |  34.5
        D:9 |    1923 |    1853 |  49.1 |      28 |      15 |  34.9
       D:10 |    1301 |       0 |   0.0 |      21 |       0 |   0.0
       D:11 |    2944 |    1325 |  31.0 |      22 |       1 |   4.3
       D:12 |    2796 |     149 |   5.1 |      23 |       8 |  25.8
       D:13 |    7295 |    1084 |  12.9 |      25 |       1 |   3.8
       D:14 |   11326 |    6018 |  34.7 |      29 |      25 |  46.3
       D:15 |   13243 |    7188 |  35.2 |      31 |       8 |  20.5
     Lair:1 |    1521 |    1454 |  48.9 |      10 |       5 |  33.3
     Lair:2 |    1763 |    2182 |  55.3 |       8 |      28 |  77.8
     Lair:3 |    4972 |     336 |   6.3 |      20 |       3 |  13.0
     Lair:4 |    4037 |       0 |   0.0 |      17 |       0 |   0.0
     Lair:5 |    9082 |       0 |   0.0 |      28 |       0 |   0.0
     Lair:6 |    7674 |    8142 |  51.5 |      27 |      17 |  38.6
      Orc:1 |    4825 |       0 |   0.0 |      57 |       0 |   0.0
      Orc:2 |    4085 |   18211 |  81.7 |      36 |      41 |  53.2
      Elf:1 |    1361 |       0 |   0.0 |       2 |       0 |   0.0
   Depths:1 |   31227 |   10202 |  24.6 |      36 |       8 |  18.2
   Depths:2 |   64578 |   26348 |  29.0 |      75 |      25 |  25.0
   Depths:3 |   47954 |   12527 |  20.7 |      60 |       6 |   9.1
   Depths:4 |   67727 |   61153 |  47.4 |      65 |      39 |  37.5
   Depths:5 |    4486 |   10569 |  70.2 |       5 |      14 |  73.7
      Sewer |       0 |     424 | 100.0 |       0 |      28 | 100.0
     Bailey |       0 |     356 | 100.0 |       0 |      34 | 100.0
      IceCv |       0 |    6299 | 100.0 |       0 |      54 | 100.0
            +---------+---------+-------+---------+---------+-------
